 Dungeon Crawl Stone Soup version 0.27-a0-457-gba82baf56e (webtiles) character file.

Game seed: 6234897519873021683

77 Chiseanne the Skirmisher (level 4, -2/35 HPs)
             Began as a Demonspawn Wanderer on Feb 28, 2021.
             Slain by a scorpion (4 damage)
             ... on level 4 of the Dungeon.
             The game lasted 00:02:13 (1068 turns).

Chiseanne the Skirmisher (Demonspawn Wanderer)      Turns: 1068, Time: 00:02:14

Health: -2/35      AC:  8    Str: 12    XL:     4   Next: 14%
Magic:  4/4        EV:  9    Int: 14    God:
Gold:   45         SH:  0    Dex: 13    Spells: 3/3 levels left

rFire    . . .     SeeInvis .   a - +3 falchion
rCold    . . .     Faith    .   (no shield)
rNeg     . . .     Spirit   .   k - +0 scale mail
rPois    .         Reflect  .   l - +0 helmet
rElec    .         Harm     .   f - +0 cloak
rCorr    .         Rampage  .   (no gloves)
Will     .....                  (no boots)
Stlth    ..........             (no amulet)
HPRegen  0.11/turn              (no ring)
MPRegen  0.09/turn              (no ring)

@: attractive
A: ignite blood 1, powered by death 1
a: no special abilities


You were on level 4 of the Dungeon.
You visited 1 branch of the dungeon, and saw 4 of its levels.

You collected 45 gold pieces.

Inventory:

Hand Weapons
 a - a +3 falchion (weapon)
 b - a +0 quarterstaff
 e - a +0 dagger
 m - a +0 broad axe
Missiles
 h - 23 stones (quivered)
Armour
 f - a +0 cloak (worn)
 k - a +0 scale mail (worn)
 l - a +0 helmet (worn)
Jewellery
 g - an amulet of the acrobat
Potions
 j - a potion of flight {unknown}


   Skills:
 * Level 3.2 Fighting
 - Level 2.6 Long Blades
 - Level 1.0 Throwing
 * Level 1.0 Armour
 * Level 2.9 Dodging
 - Level 1.7 Stealth


You had 3 spell levels left.
You didn't know any spells.
Your spell library was empty.

Dungeon Overview and Level Annotations

Branches:
Dungeon (4/15)
 Temple: D:4-7

Altars:
Hepliaklqana


Innate Abilities, Weirdness & Mutations

Your demonic aura sometimes causes spilled blood to erupt in flames You regenerate a little health from kills.


Message History

You feel attractive to monsters.
You feel sick. The scorpion stings you!
You are more poisoned.
The scorpion poisons you!
You hit the scorpion.
The scorpion is lightly wounded.
You feel sick. The scorpion barely misses you.
You closely miss the scorpion.
The scorpion is lightly wounded.
You feel sick. The scorpion stings you.
The orc wizard points at itself and mumbles some strange words.
The orc wizard flickers and vanishes!
Deactivating autopickup; reactivate with Ctrl-A.
You hit the scorpion.
The scorpion is lightly wounded.
You feel sick. The scorpion stings you.
* * * LOW HITPOINT WARNING * * *
You are more poisoned.
The scorpion poisons you!
You closely miss the scorpion.
The scorpion is lightly wounded.
* * * LOW HITPOINT WARNING * * *
You feel sick. The scorpion stings you.
* * * LOW HITPOINT WARNING * * *
You are more poisoned.
The scorpion poisons you! The scorpion stings you.
* * * LOW HITPOINT WARNING * * *
You are more poisoned.
The scorpion poisons you!
You feel better. The scorpion stings you.
* * * LOW HITPOINT WARNING * * *
As you read the scroll labelled VIRYOG KIALAINA, it crumbles to dust.
It is a scroll of enchant weapon.
Your +2 falchion glows red for a moment.
The scorpion stings you.
* * * LOW HITPOINT WARNING * * *
You hit the scorpion but do no damage.
The scorpion is lightly wounded.
The scorpion stings you.
You die...

###.## #.# #.######## #.
...#######.######.#########.####.
#.##.......................#.....
#.##.#####.####.....####.##.####.
.........#.#(.##...##..#.##.# ##
#.##.###.#.#...##.##...#.##.#
#..........##...#.#...##.##.#
####.###.#..##.s#.#'†##..##.# #.#
#.#...###@..###...##.# #
.##.###.........8........#.# ###
#...........###...###......# #..
..##.##.#..## +#.#'.##..######..
####<##.#.## #.#...##.# #...
#.......#.# ##.##...#.# #...
#.......#.# ##...##..#.# #...
##.......#.####.....####.# #.##
.........#...............#####.##


You could see a scorpion.

Vanquished Creatures
  A worker ant (D:4)
  3 adders (D:2)
  An adder skeleton (D:4)
  A worm (D:2)
  A leopard gecko (D:4)
  A ball python (D:1)
  A bat (D:1)
  2 hobgoblins (D:1)
  4 jackals (D:1)
  2 goblins
  2 kobolds (D:2)
  2 rats
21 creatures vanquished.

Notes
Turn   | Place    | Note
-------+----------+-------------------------------------------
     0 | D:1      | Chiseanne the Demonspawn Wanderer began the quest for the
                  | Orb.
     0 | D:1      | Chiseanne set off with the following items: a +2 falchion,
                  | a +0 quarterstaff, a potion of curing, a +0 robe, a +0
                  | dagger
     0 | D:1      | Reached XP level 1. HP: 16/16 MP: 1/1
    61 | D:1      | You fall into a shaft and drop 1 floor!
    75 | D:2      | Gained mutation: You regenerate a little health from kills.
                  | [demonic ancestry]
    75 | D:2      | Reached XP level 2. HP: 12/23 MP: 2/2
   112 | D:2      | Reached XP level 3. HP: 19/28 MP: 3/3
   292 | D:2      | Found a hazy altar of Hepliaklqana.
   366 | D:1      | Reached skill level 3 in Fighting
   442 | D:2      | You fall into a shaft and drop 1 floor!
   621 | D:4      | Reached skill level 1 in Armour
   621 | D:4      | Gained mutation: Your demonic aura sometimes causes spilled
                  | blood to erupt in flames [demonic ancestry]
   621 | D:4      | Reached XP level 4. HP: 13/35 MP: 4/4
  1065 | D:4      | HP: 1/35 [scorpion (6)]
  1068 | D:4      | Slain by a scorpion

Illustrated notes

Levels and vault maps discovered:
D:1:      amcnicky_arrival_underground_garden, layout_loops_ring
D:2:      layout_rooms, nicolae_overflow_hidden_temple,
          hangedman_decor_clover_reticule, amcnicky_mini_rare_corridor_liquid
D:3:      kennysheep_big_flooded_room, layout_basic, uniq_robin
D:4:      cheibrodos_barr_body, layout_loops_ring, ashenzari_altar_1,
          nicolae_zen_rock_garden

Skill      XL: |  1  2  3 |
---------------+----------+-----
Dodging        | 2 |  2.9
Fighting       | 3 |  3.2
Armour         | 1 |  1.0
Long Blades    | |  2.6
Throwing       | |  1.0
Stealth        | |  1.7

Action                   |  1- 3 |  4- 6 || total
-------------------------+-------+-------++-------
Melee: Falchion          |    60 |    13 ||    73
Throw: Stone             |     1 |       ||     1
  Use: Potion            |     1 |     2 ||     3
       Scroll            |       |     1 ||     1
Armor: Robe              |     4 |       ||     4
       Ring mail         |    24 |       ||    24
       Scale mail        |     2 |     6 ||     8
Dodge: Dodged            |    51 |     4 ||    55
       Rpst.: Falchion   |    18 |       ||    18

Table legend: (Time is in decaauts)
 A = Elapsed time spent in this place.
 B = Non-inter-level travel time spent in this place.
 C = Inter-level travel time spent in this place.
 D = Time resting spent in this place.
 E = Time spent auto-exploring this place.
 F = Levels seen in this place.
 G = Mean time per level.
                   A        B        C        D        E       F      G
               +--------+--------+--------+--------+--------+-----+--------+
         Total |   1081 |   1052 |     29 |    425 |    361 |   4 |  270.2 |
       Dungeon |   1081 |   1052 |     29 |    425 |    361 |   4 |  270.2 |
               +--------+--------+--------+--------+--------+-----+--------+

Top non-repeatable levels by time:
     D:4: 546 daAuts
     D:2: 296 daAuts
     D:1: 154 daAuts
     D:3: 83 daAuts
